AoeStats
← necros89

Arena

509321487Analyzed
3v3 RM · 6d ago on Sep 26, 2026· 72m 22s· 6 players
Game mode
Random Map
Map size
Normal (6 player)
Population
200
Speed
Normal
Resources
Standard
Victory
Conquest
Starting age
Dark Age
Ending age
Imperial Age
RankedLock teamsTeams togetherTeam positionsShared explorationLock speedFull tech treeHidden civsTurbo modeCheats
Victory
Defeat
🇦🇺 Portuguese · Australia
1091
+13
🇦🇺 Magyars · Australia
1054
+15
🇨🇿 Mongols · Czechia
936
+19
🇨🇳 Huns · China
1028
-16
🇨🇳 Danes · China
1023
-16
🇨🇳 Turks · China
1006
-15
少打游戏多学习
10:51 Feudal Age
11:41 Loom
14:51 Castle Age
14:41 Double-Bit Axe
14:54 Horse Collar
16:30 Bow Saw
18:43 Heavy Plow
22:24 Town Watch
23:19 Gold Mining
23:20 Stone Mining
24:42 Wheelbarrow
25:13 Fervor
25:51 Bloodlines
26:19 Forging
26:31 Husbandry
28:22 Hand Cart
28:57 Scale Barding Armor
30:30 Iron Casting
33:30 Imperial Age
31:10 Padded Archer Armor
31:54 Caravan
35:33 Heavy Camel Rider
37:07 Artillery
37:33 Chain Barding Armor
39:32 Ballistics
39:33 Bombard Tower
39:25 Masonry
38:57 Elite Janissary
40:19 Leather Archer Armor
39:56 Fletching
43:47 Plate Barding Armor
44:13 Blast Furnace
43:47 Ring Archer Armor
45:22 Murder Holes
45:57 Architecture
47:47 Bodkin Arrow
51:03 Conscription
55:13 Scale Mail Armor
64:09 Bracer
QHX
11:22 Feudal Age
15:42 Castle Age
14:14 Horse Collar
14:29 Double-Bit Axe
16:40 Wheelbarrow
17:24 Bow Saw
17:43 Heavy Plow
24:50 Scale Mail Armor
25:01 Forging
25:21 Forging
26:11 Chain Mail Armor
25:56 Arson
26:17 Squires
28:44 Hand Cart
28:14 Loom
33:37 Imperial Age
32:35 Iron Casting
34:55 Plate Mail Armor
34:25 Elite Jomsviking
37:21 Onager
38:59 Capped Ram
43:48 Gold Mining
43:37 Siege Onager
47:15 Hamask
50:51 Northmen's Fury
66:13 Hoardings
Aisha
10:45 Feudal Age
11:58 Double-Bit Axe
14:43 Castle Age
13:21 Horse Collar
14:31 Stone Mining
18:20 Loom
Dzahy
3:05 Loom
9:57 Feudal Age
10:53 Double-Bit Axe
13:21 Horse Collar
17:10 Castle Age
17:20 Stone Mining
17:20 Gold Mining
18:48 Bow Saw
25:21 Fletching
25:32 Padded Archer Armor
26:55 Bodkin Arrow
27:52 Heavy Plow
31:49 Ballistics
34:33 Imperial Age
33:31 Gold Shaft Mining
35:29 Fortified Wall
36:29 Bracer
36:45 Leather Archer Armor
39:15 Chemistry
39:48 Conscription
40:42 Elite Mangudai
41:52 Husbandry
44:33 Parthian Tactics
44:14 Thumb Ring
44:24 Bloodlines
47:14 Wheelbarrow
51:32 Murder Holes
51:48 Masonry
54:29 Heavy Cavalry Archer
71:57 Leather Archer Armor
71:49 Scale Barding Armor
hiimynameisdale
6:37 Loom
11:20 Feudal Age
15:16 Castle Age
13:56 Double-Bit Axe
36:19 Imperial Age
37:40 Conscription
42:05 Town Watch
42:39 Capped Ram
48:49 Wheelbarrow
48:15 Town Patrol
49:23 Forging
49:29 Bloodlines
50:33 Iron Casting
50:13 Scale Barding Armor
51:04 Arquebus
52:28 Chain Barding Armor
52:17 Husbandry
52:02 Light Cavalry
54:39 Plate Barding Armor
55:04 Blast Furnace
56:16 Hand Cart
60:03 Elite Organ Gun
necros89
7:57 Loom
11:54 Feudal Age
12:54 Double-Bit Axe
13:21 Horse Collar
17:28 Castle Age
16:58 Bloodlines
17:43 Scale Barding Armor
23:47 Chain Barding Armor
34:02 Imperial Age
32:26 Wheelbarrow
31:55 Heavy Plow
32:21 Bow Saw
32:54 Gold Mining
32:55 Stone Mining
35:05 Cavalier
35:45 Husbandry
35:42 Pikeman
36:59 Plate Barding Armor
36:25 Scale Mail Armor
36:19 Fletching
38:18 Halberdier
39:38 Paladin
40:58 Chain Mail Armor
44:58 Light Cavalry
46:16 Hussar
48:29 Masonry
49:49 Town Watch
53:38 Hand Cart
54:01 Bodkin Arrow
54:11 Devotion
57:18 Conscription
63:23 Crop Rotation
69:13 Caravan
72:04 Two-Man Saw
Connection lost

Rejoining the realm…

Still unreachable

The connection could not be restored.

Session expired

The server has moved on; the page needs a fresh start.